 Dungeon Crawl Stone Soup version 0.28-a0-563-gf77a47075d (webtiles) character file.

Game seed: 8254740526282588323

259008 miscthings the Carver (level 19, -9/181 HPs)
             Began as a Naga Cinder Acolyte on Sept 29, 2021.
             Was a Priest of Cheibriados.
             Killed from afar by a fire giant (65 damage)
             ... with a bolt of fire
             ... on level 3 of the Depths.
             The game lasted 01:49:50 (35175 turns).

miscthings the Carver (Naga Cinder Acolyte)        Turns: 35175, Time: 01:49:51

Health: -9/181     AC: 33    Str: 23    XL:     19   Next: 89%
Magic:  28/28      EV: 12    Int: 25    God:    Cheibriados [***...]
Gold:   1318       SH: 21    Dex: 25    Spells: 28/30 levels left

rFire   . . .      SeeInvis +   N - +9 double sword (vorpal)
rCold   + . .      Faith    .   R - +2 kite shield "Somoyt" {rPois}
rNeg    + . .      Spirit   .   O - +1 chain mail of the Villain {+Inv Regen+ Int+6 Dex-3}
rPois   +          Reflect  +   z - +2 hat
rElec   .          Harm     .   x - +1 cloak
rCorr   .          Rampage  .   m - +2 pair of gloves
Will    ++++.                   A - +4 barding {rC+}
Stlth   ..........              W - amulet "Duschaim" {Reflect Will+ SH+5}
HPRegen 2.40/turn               H - +6 ring of dexterity
MPRegen 0.21/turn               V - ring "Cugepupn" {rF+ rN+ Will+}

@: fire susceptible, very slow
A: AC +6, large, see invisible, deformed body, poison resistance, slowness 2,
spit poison 1, naga tail 2, thin skeletal structure 1, dopey 1, regeneration 1
}: 2/15 runes: serpentine, barnacled
a: Spit Poison, Renounce Religion, Evoke Invisibility, Bend Time, Temporal
Distortion


You were on level 3 of the Depths.
You worshipped Cheibriados.
Cheibriados was most pleased with you.
You visited 8 branches of the dungeon, and saw 36 of its levels.
You also visited: Sewer, Ossuary and Volcano.

You collected 3358 gold pieces.
You spent 2040 gold pieces at shops.

Inventory:

Hand Weapons
 J - the +9 flail of the Screaming Blowfly {vamp, rElec Dex+2}
   (You took it off a naga on level 3 of the Snake Pit)

   It occasionally heals its wielder for a portion of the damage dealt when it
   wounds a living foe.
   Dex:       It affects your dexterity (+2).
   rElec:     It insulates you from electricity.
 N - a +9 vorpal double sword (weapon)
Missiles
 g - 7 silver javelins
 F - 6 curare-tipped darts
 T - 8 throwing nets
Armour
 m - a +2 pair of gloves (worn)
 x - a +1 cloak (worn)
 z - a +2 hat (worn)
 A - a +4 barding of cold resistance (worn)
 G - the +0 kite shield of Muliox Erha {Int+5}
   (You took it off Donald on level 2 of the Snake Pit)

   Int:       It affects your intelligence (+5).
 O - the +1 chain mail of the Villain (worn) {+Inv Regen+ Int+6 Dex-3}
   (You found it on level 6 of the Lair of Beasts)

   Int:       It affects your intelligence (+6).
   Dex:       It affects your dexterity (-3).
   +Inv:      It lets you turn invisible.
   Regen:     It increases your rate of health regeneration.
 P - a +4 chain mail of cold resistance
 R - the +2 kite shield "Somoyt" (worn) {rPois}
   (You found it on level 11 of the Dungeon)

   rPois:     It protects you from poison.
 Y - a +3 scale mail of fire resistance
Jewellery
 c - a ring of resist corrosion
 d - a ring of protection from fire
 s - a ring of positive energy
 y - a ring of ice
 H - a +6 ring of dexterity (left hand)
 U - a ring of positive energy
 V - the ring "Cugepupn" (right hand) {rF+ rN+ Will+}
   (You bought it in a shop on level 1 of the Snake Pit)

   [ring of willpower]

   rF:        It protects you from fire.
   rN:        It protects you from negative energy.
   Will:      It increases your willpower.
 W - the amulet "Duschaim" (around neck) {Reflect Will+ SH+5}
   (You found it on level 10 of the Dungeon)

   [amulet of reflection]

   It reflects blocked missile attacks.
   SH:        It affects your SH (+5).
   Will:      It increases your willpower.
Wands
 e - a wand of flame (113)
 r - a wand of iceblast (15)
 B - a wand of mindburst (21)
 E - a wand of paralysis (11)
 S - a wand of acid (5)
Scrolls
 a - 7 scrolls of blinking
 b - 5 scrolls of magic mapping
 i - 6 scrolls of teleportation
 k - 5 scrolls of enchant armour
 l - 3 scrolls of vulnerability
 q - 2 scrolls of summoning
 t - 8 scrolls of fog
 u - a scroll of silence
 M - 2 scrolls of immolation
 X - 5 scrolls of fear
 Z - 3 scrolls of holy word
Potions
 f - 11 potions of heal wounds
 h - 6 potions of curing
 j - 2 potions of attraction
 n - 5 potions of flight
 o - 2 potions of cancellation
 p - 3 potions of magic
 v - 2 potions of mutation
 w - 5 potions of might
 D - a potion of invisibility
 I - 3 potions of brilliance
 K - 2 potions of ambrosia
 L - a potion of resistance
 Q - 4 potions of lignification
Miscellaneous
 C - a condenser vane


   Skills:
 + Level 13.7 Fighting
 - Level 10.0(13.6) Short Blades
 - Level 14.8(16.0) Long Blades
 - Level 3.0 Maces & Flails
 - Level 9.8 Polearms
 - Level 5.0 Throwing
 + Level 11.2 Armour
 + Level 11.3 Dodging
 + Level 11.0 Shields
 + Level 6.3 Spellcasting
 - Level 5.1 Fire Magic
 + Level 11.7 Evocations


You had 28 spell levels left.
You knew the following spells:

 Your Spells              Type           Power      Damage    Failure   Level
a - Scorch                Fire           66%        2d8       7%          2

Your spell library contained the following spells:

 Spells                   Type           Power      Damage    Failure   Level
 Animate Skeleton         Necr           14%        N/A       36%         1
 Magic Dart               Conj           28%        1d4       36%         1
 Pain                     Necr           28%        1d5       36%         1
 Sandblast                Erth           14%        2d6       36%         1
 Summon Small Mammal      Summ           28%        N/A       36%         1
 Inner Flame              Hex/Fire       20%        N/A       38%         3
 Blink                    Tloc           N/A        N/A       50%         2
 Call Imp                 Summ           7%         N/A       50%         2
 Passwall                 Tmut/Erth      5%         N/A       50%         2
 Slow                     Hex            7%         N/A       50%         2
 Sublimation of Blood     Necr           3%         N/A       50%         2
 Wereblood                Tmut           7%         N/A       50%         2
 Call Canine Familiar     Summ           7%         N/A       75%         3
 Confusing Touch          Hex            7%         N/A       75%         3
 Mephitic Cloud           Conj/Pois/Air  7%         N/A       75%         3
 Portal Projectile        Hex/Tloc       14%        N/A       75%         3
 Stone Arrow              Conj/Erth      14%        3d7       75%         3
 Summon Guardian Golem    Hex/Summ       7%         N/A       75%         3
 Vampiric Draining        Necr           3%         2d6       75%         3
 Airstrike                Air            3%         N/A       98%         4
 Cause Fear               Hex            3%         N/A       98%         4
 Fulminant Prism          Conj/Hex       3%         3d6       98%         4
 Hailstorm                Conj/Ice       7%         3d4       98%         4
 Ice Form                 Ice/Tmut       7%         N/A       98%         4
 Iskenderun's Mystic Bla  Conj/Tloc      7%         2d4       98%         4
 Leda's Liquefaction      Hex/Erth       3%         N/A       98%         4
 Petrify                  Tmut/Erth      7%         N/A       98%         4
 Summon Ice Beast         Ice/Summ       7%         N/A       98%         4
 Summon Lightning Spire   Summ/Air       7%         N/A       98%         4
 Freezing Cloud           Conj/Ice/Air   3%         6-21      100%        5
 Lee's Rapid Deconstruct  Erth           3%         3d6*      100%        5
 Lightning Bolt           Conj/Air       3%         1d15      100%        5
 Manifold Assault         Tloc           7%         N/A       100%        5
 Metabolic Englaciation   Hex/Ice        3%         N/A       100%        5
 Summon Mana Viper        Hex/Summ       7%         N/A       100%        5
 Yara's Violent Unravell  Hex/Tmut       3%         3d4       100%        5
 Simulacrum               Ice/Necr       3%         N/A       100%        6
 Statue Form              Tmut/Erth      4%         N/A       100%        6
 Monstrous Menagerie      Summ           3%         N/A       100%        7
 Storm Form               Tmut/Air       3%         N/A       100%        7
 Summon Hydra             Summ           3%         N/A       100%        7
 Discord                  Hex            3%         N/A       100%        8


Dungeon Overview and Level Annotations

Branches:
Dungeon (15/15)            Temple (1/1) D:5            Lair (6/6) D:10
 Shoals (4/4) Lair:3        Snake (4/4) Lair:3        Slime (0/5) Lair:5
    Orc (2/2) D:12            Elf (1/3) Orc:2        Vaults (0/5) D:13
 Depths (2/4) D:15          Sewer (visited)         Ossuary (visited)
Volcano (visited)

Altars:
Ashenzari
Cheibriados
Dithmenos
Elyvilon
Fedhas
Gozag
Kikubaaqudgha
Makhleb
Nemelex Xobeh
Okawaru
Qazlal
Ru
Sif Muna
Wu Jian
Xom
Yredelemnul
The Shining One

Shops:
Orc:1 ?   Orc:2 :[*(   Shoals:2 **   Shoals:3 !   Shoals:4 (   Snake:1 ==:
Snake:3 (   Depths:2 *

Portals:
Abyss: D:10 Depths:1 Depths:2

Annotations:
D:4 1 runed translucent door, bande's ghost, amateur GrFi
D:10 Gorgondantess's ghost, journeyman DsIE
Lair:3 2 transporters, Zoerut Uceps's ghost, journeyman MfGl


Innate Abilities, Weirdness & Mutations

Your serpentine skin is tough. (AC +6)
You have supernaturally acute eyesight. (SInv)
Armour fits poorly on your strangely shaped body.
Your system is resistant to poisons. (rPois)
You cover ground very slowly.
You can spit poison.
You can use your snake-like lower body to constrict enemies.
You have a somewhat thin skeletal structure. (Dex +2, Stealth+)
You are dopey. (Int -2)
Your natural rate of healing is unusually fast.


Message History

The hell knight hits you but does no damage.
The vampire mage hits you but does no damage.
You block the vampire mage's attack.
You slice the vampire mage!!
You destroy the vampire mage!
Cheibriados thoroughly appreciates the change of pace.
The flayed ghost disappears in a puff of smoke!
You block the hell knight's attack.
The hell knight points at you and mumbles some strange words.
The bolt of fire hits you!!
The hell knight gestures at you while chanting.
The bolt of fire hits you!
Items here: )) [ ††.
You slice the fire giant!!
The fire giant is moderately wounded.
You block the hell knight's attack.
The fire giant points at you and mumbles some strange words.
The bolt of fire hits you!!!
* * * LOW HITPOINT WARNING * * *
Blink to where?
Press: ? - help, Dir - move target
As you read the scroll of blinking, it crumbles to dust.
The hell knight is no longer moving quickly.
You feel much better. The fire giant casts a spell at you.
The fireball explodes!
The fireball engulfs you but does no damage.
The hell knight gestures at you while chanting.
The bolt of fire misses you.
You hear a shout!
Okay, then.
Aiming: Iceblast
Press: ? - help, Shift-Dir - straight line The mass of ice explodes!
The iceblast engulfs the fire giant!!
The fire giant is heavily wounded.
The iceblast engulfs the hell knight!!
The hell knight is heavily wounded.
The fire giant casts a spell at you. The bolt of fire hits you!!!
You die...

... #.# ... ###.##
.... ######.###### #
#......C).(C#
....#####"#####..i...#
#...@..pi...######.
######.###### ^...
#.### ... ###


You could see a fire giant, a spriggan defender and a hell knight.

Vanquished Creatures
  Vashnia (Snake:3)
  A caustic shrike (Depths:2)
  Nikola (Snake:4)
  A profane servitor (Depths:1)
  Jorgrun (D:12)
  A titan (Depths:3)
  Mlioglotl (Snake:4)
  2 krakens
  Polyphemus (Shoals:2)
  Agnes (Snake:1)
  Gastronok (Lair:1)
  Kirke (D:12)
  2 tengu reavers (Depths:2)
  Roxanne (Shoals:3)
  Ilsuiw (Shoals:3)
  7 nagarajas (Snake:4)
  Donald (Snake:2)
  3 frost giants
  2 fire giants
  An orc warlord (Orc:2)
  An iron dragon (Depths:3)
  Aizul (Snake:1)
  A spriggan defender (Depths:3)
  The ghost of robertstho the Eclecticist, a journeyman DjFE of Gozag (Lair:5)
  2 stone giants
  A very ugly thing (D:15)
  2 vampire knights
  Azrael (Orc:2)
  7 merfolk javelineers
  2 pearl dragon zombies (Depths:1)
  7 ettins
  4 merfolk impalers
  Josephine (D:10)
  4 fire dragons
  3 ice dragons
  A great orb of eyes (Depths:1)
  2 boulder beetles
  6 hydras
  3 catoblepae
  14 naga warriors
  A salamander tyrant (Snake:3)
  A rakshasa (Depths:1)
  2 death knights
  3 alligator snapping turtles
  8 anacondas
  6 merfolk avatars
  2 merfolk aquamancers
  3 satyrs
  A deep troll shaman (Depths:3)
  8 tengu warriors
  2 two-headed ogres (D:13)
  4 centaur warriors
  4 death yaks (Shoals:2)
  4 deep troll earth magi
  A vampire mage (Depths:3)
  Nergalle (D:12)
  3 hell hogs (Depths:1)
  A spriggan berserker (Depths:2)
  13 naga sharpshooters
  3 orc high priests (Orc:2)
  3 shock serpents
  7 skeletal warriors
  2 salamander mystics (Snake:4)
  A fire crab (Lair:6)
  2 deep trolls (Depths:2)
  21 sea snakes
  An iron troll (Lair:4)
  A quicksilver dragon simulacrum (Depths:1)
  3 glowing orange brains
  3 wizards (Depths:1)
  A swamp dragon (Lair:6)
  8 naga ritualists
  A necromancer (D:13)
  Pikel (D:5)
  4 orc knights
  2 phantasmal warriors (D:15)
  16 ugly things
  2 deep elf pyromancers (D:15)
  19 harpies
  3 orc sorcerers (Orc:2)
  5 mana vipers
  19 salamanders
  An oklob plant (D:10)
  22 manticores
  5 elephants (Lair:6)
  10 fauns (Shoals:2)
  10 cyclopes
  9 guardian serpents
  3 apis skeletons (Depths:1)
  45 black mambas
  3 water nymphs
  8 merfolk sirens
  2 gargoyles
  3 unseen horrors (D:12)
  A molten gargoyle (Volcano)
  16 naga magi
  7 cane toads
  A cane toad (shapeshifter) (D:15)
  3 rime drakes
  Maggie (D:6)
  6 komodo dragons
  An efreet (D:15)
  2 ice devils (Lair:2)
  2 freezing wraiths
  4 tengu conjurers
  An ancient zyme (D:10)
  28 merfolk
  12 polar bears
  A burning bush (Lair:5)
  11 trolls
  A hornet (shapeshifter) (D:13)
  5 wind drakes
  A hornet (D:9)
  A large abomination (D:10)
  9 blink frogs (Lair:2)
  8 dream sheep
  2 raiju (Lair:6)
  9 snapping turtles
  3 small abominations (D:10)
  11 wraiths
  7 water elementals
  A shadow (D:9)
  2 hogs (D:12)
  22 yaks
  9 wyverns
  22 fire elementals
  5 basilisks
  2 vampire mosquitoes (D:10)
  Menkaure (D:6)
  8 wargs
  3 acid dragons
  48 nagas
  17 hell hounds
  Duvessa (D:7)
  10 water moccasins
  4 swamp drakes (Lair:6)
  33 orc warriors
  An ice beast (D:5)
  12 black bears
  2 sky beasts
  7 ogres
  A necrophage (D:8)
  18 wolves
  16 centaurs
  2 phantoms (D:6)
  2 lemures (D:5)
  11 bullfrogs
  2 kobold brigands
  2 scorpions
  A water moccasin zombie (D:6)
  A wyvern skeleton (D:6)
  Dowan (D:7)
  A water moccasin skeleton (D:6)
  6 wights (Ossuary)
  5 howler monkeys
  A bullfrog zombie (D:5)
  5 centaur zombies
  7 hounds
  2 jellies
  3 centaur skeletons
  11 orc priests
  A gnoll shaman (D:9)
  5 iguanas
  23 orc wizards
  Natasha (thrice) (D:2)
  A killer bee zombie (D:5)
  A hound skeleton (D:5)
  2 howler monkey zombies (D:8)
  5 gnolls
  6 adders
  4 river rats
  A white imp (D:7)
  An ufetubus (D:6)
  An adder zombie (Ossuary)
  A worm (D:4)
  3 dart slugs
  62 orcs
  2 bats
  4 endoplasms
  7 giant cockroaches
  7 goblins
  6 hobgoblins
  4 jackals
  10 kobolds
  3 quokkas
  6 ball pythons
  5 frilled lizards
  A hobgoblin zombie (Ossuary)
  A jackal skeleton (D:4)
  2 kobold zombies (Ossuary)
  2 orc zombies (Ossuary)
  9 rats
  A butterfly (Lair:5)
  6 tentacles
1070 creatures vanquished.

Vanquished Creatures (collateral kills)
  2 foxfires (Lair:2)
2 creatures vanquished.

Vanquished Creatures (others)
  A black mamba (Snake:4)
  A human (D:12)
  2 nagas
  An electric eel (Shoals:2)
  140 foxfires
  35 fungi
  120 plants
  20 tentacles
320 creatures vanquished.

Grand Total: 1392 creatures vanquished

Notes
Turn   | Place    | Note
-------+----------+-------------------------------------------
     0 | D:1      | miscthings the Naga Cinder Acolyte began the quest for the
                  | Orb.
     0 | D:1      | Reached XP level 1. HP: 21/21 MP: 2/2
    76 | D:1      | Reached XP level 2. HP: 17/28 MP: 4/4
   124 | D:1      | Learned a level 2 spell: Scorch
   473 | D:1      | Reached XP level 3. HP: 34/34 MP: 0/6
   740 | D:2      | Noticed Natasha
   745 | D:2      | Killed Natasha
   746 | D:2      | Reached XP level 4. HP: 31/42 MP: 4/7
   748 | D:2      | Noticed a scorpion
   772 | D:2      | Killed a scorpion
   773 | D:2      | Reached XP level 5. HP: 39/49 MP: 1/9
  1031 | D:2      | Found a faded altar of an unknown god.
  1033 | D:2      | Noticed Natasha
  1050 | D:2      | Killed Natasha
  1309 | D:2      | Noticed Natasha
  1332 | D:2      | Killed Natasha
  2171 | D:4      | Reached skill level 5 in Fire Magic
  2171 | D:4      | Reached XP level 6. HP: 56/56 MP: 4/11
  2205 | D:4      | Reached skill level 1 in Short Blades
  2570 | D:4      | Found a glowing drain.
  2579 | Sewer    | Entered a sewer
  2737 | Sewer    | Reached XP level 7. HP: 48/62 MP: 7/12
  2772 | Sewer    | Found a glowing silver altar of Zin.
  3168 | D:4      | Found a runed translucent door.
  3168 | D:4      | Noticed bande's ghost (amateur GrFi)
  3516 | D:5      | Entered Level 5 of the Dungeon
  3752 | D:5      | Reached skill level 5 in Short Blades
  4021 | D:5      | Found a staircase to the Ecumenical Temple.
  4145 | D:5      | Noticed Pikel
  4347 | D:5      | Reached XP level 8. HP: 69/69 MP: 8/13
  4427 | D:5      | Killed Pikel
  4916 | D:6      | Noticed Menkaure
  4920 | D:6      | Killed Menkaure
  5169 | D:6      | Reached XP level 9. HP: 75/75 MP: 10/14
  5413 | D:6      | Reached skill level 10 in Short Blades
  5583 | D:6      | Noticed a troll
  5591 | D:6      | Killed a troll
  5592 | D:6      | Reached skill level 1 in Armour
  5592 | D:6      | Reached skill level 1 in Dodging
  5692 | D:6      | Noticed Maggie
  5718 | D:6      | Killed Maggie
  6297 | D:7      | Noticed Dowan
  6319 | D:7      | Killed Dowan
  6492 | D:7      | Reached skill level 5 in Fighting
  6560 | D:7      | Noticed Duvessa
  6567 | D:7      | Killed Duvessa
  6963 | D:8      | Reached XP level 10. HP: 88/88 MP: 10/15
  7178 | D:8      | Found a sand-covered staircase.
  7203 | Ossuary  | Entered an ossuary
  7725 | D:8      | Found a shimmering altar of Xom.
  8197 | D:9      | You fall into a shaft and drop 1 floor!
  8197 | D:10     | Entered Level 10 of the Dungeon
  8532 | D:9      | Reached skill level 5 in Armour
  8532 | D:9      | Reached skill level 5 in Dodging
  8736 | D:10     | Noticed Sonja
  8737 | D:10     | Noticed Sonja
  8737 | D:10     | Sonja changed into Sonja the acid dragon
  8744 | D:10     | Killed Sonja the acid dragon
  8803 | D:10     | Noticed a cyan ugly thing
  8807 | D:10     | Found a one-way gate to the infinite horrors of the Abyss.
  8807 | D:10     | Noticed Gorgondantess's ghost (journeyman DsIE)
  8808 | D:10     | Noticed a skeletal warrior
  8822 | D:10     | Found a transporter.
  8835 | D:10     | Reached skill level 1 in Evocations
  8856 | D:10     | Noticed Josephine
  8872 | D:10     | Reached XP level 11. HP: 72/100 MP: 9/16
  8875 | D:10     | Killed Josephine
  8965 | D:10     | Found a transporter.
  9242 | D:10     | Found a staircase to the Lair.
  9246 | D:10     | Noticed an oklob plant
  9253 | D:10     | Killed an oklob plant
  9517 | Lair:1   | Entered Level 1 of the Lair of Beasts
  9679 | Lair:1   | Noticed a five-headed hydra
  9689 | Lair:1   | Killed a five-headed hydra
 10301 | Lair:1   | Noticed Gastronok
 10323 | Lair:1   | Killed Gastronok
 10955 | Lair:2   | Reached XP level 12. HP: 86/112 MP: 17/17
 11042 | Lair:2   | Reached skill level 5 in Evocations
 11136 | Lair:2   | HP: 4/114 [wyvern (3)]
 11337 | Lair:2   | Noticed a six-headed hydra
 11342 | Lair:2   | Found a frozen archway.
 11949 | Lair:2   | Killed a six-headed hydra
 12118 | Lair:3   | Noticed a five-headed hydra
 12129 | Lair:3   | Killed a five-headed hydra
 12242 | Lair:3   | Found a transporter.
 12242 | Lair:3   | Found a transporter.
 12577 | Lair:3   | Found a staircase to the Snake Pit.
 12845 | Lair:3   | Found a staircase to the Shoals.
 12937 | Lair:3   | Noticed Zoerut Uceps's ghost (journeyman MfGl)
 13245 | Lair:4   | Noticed Rupert
 13246 | Lair:4   | Paralysed by Rupert for 2 turns
 13250 | Lair:4   | Noticed Rupert
 13250 | Lair:4   | Rupert changed into Rupert the iron troll
 13415 | Lair:4   | Reached skill level 10 in Fighting
 13852 | Lair:4   | Gained mutation: You can use your snake-like lower body to
                  | constrict enemies. [Naga growth]
 13852 | Lair:4   | Reached XP level 13. HP: 92/123 MP: 18/18
 13943 | Lair:4   | Killed Rupert the iron troll
 14204 | Lair:5   | Found a staircase to the Slime Pits.
 14629 | Lair:5   | Found a runed translucent door.
 14629 | Lair:5   | Noticed robertstho's ghost (journeyman DjFE)
 15039 | Lair:5   | Killed robertstho's ghost
 15148 | Lair:6   | Entered Level 6 of the Lair of Beasts
 17004 | Lair:6   | Identified the +1 chain mail of the Villain {+Inv Regen+
                  | Int+6 Dex-3}
 17399 | Lair:6   | Noticed a fire dragon
 17430 | Lair:6   | Killed a fire dragon
 17445 | Lair:6   | Reached XP level 14. HP: 62/128 MP: 19/19
 17898 | D:11     | Identified the +2 kite shield "Somoyt" {rPois}
 17975 | D:11     | Reached skill level 1 in Shields
 18050 | D:11     | Identified the +1 chain mail "Fohuulob" {rPois rC- Regen+}
 18381 | D:11     | Found a blossoming altar of Fedhas.
 18525 | D:10     | Identified the amulet "Duschaim" {Reflect Will+ SH+5}
 18984 | D:12     | Noticed Kirke
 18995 | D:12     | Reached skill level 5 in Shields
 19004 | D:12     | Killed Kirke
 19114 | D:12     | Found a staircase to the Orcish Mines.
 19200 | D:12     | Identified the +5 scale mail "Kesuafuo" {+Inv rPois Dex-4}
 19494 | Orc:1    | Entered Level 1 of the Orcish Mines
 19494 | Orc:1    | Noticed Nergalle
 19494 | Orc:1    | Noticed Jorgrun
 19507 | D:12     | Killed Jorgrun
 19528 | D:12     | Killed Nergalle
 19666 | Orc:1    | Found Ytemanes's Magic Scroll Shoppe.
 19731 | Orc:1    | Noticed Maurice
 19732 | Orc:1    | Noticed Maurice
 19732 | Orc:1    | Maurice changed into Maurice the sky beast
 19738 | Orc:1    | Killed Maurice the sky beast
 19808 | Orc:1    | Bought a scroll of fear for 49 gold pieces
 19808 | Orc:1    | Bought a scroll of blinking for 105 gold pieces
 19915 | Orc:2    | Entered Level 2 of the Orcish Mines
 20109 | Orc:2    | Noticed an orc warlord
 20135 | Orc:2    | Killed an orc warlord
 20196 | Orc:2    | Noticed Azrael
 20202 | Orc:2    | Killed Azrael
 20249 | Orc:2    | Found a staircase to the Elven Halls.
 20251 | Orc:2    | Found Kyoneik's Book Shop.
 20333 | Orc:2    | Found Alutyatin's Antique Armour Boutique.
 20439 | Orc:2    | Found a dark tunnel.
 20447 | Volcano  | Entered a volcano
 20870 | Orc:2    | Bought a jewelled buckler for 247 gold pieces
 20870 | Orc:2    | Identified the +1 buckler "Tepoigeh" {rCorr Str-3 Slay-3
                  | SInv} (You bought it in a shop on level 2 of the Orcish
                  | Mines)
 20871 | Orc:2    | Bought a glowing hat for 182 gold pieces
 21036 | Orc:2    | Found Boeceos's General Store.
 21125 | Orc:2    | Reached XP level 15. HP: 118/142 MP: 20/20
 21314 | Orc:2    | Found Liesy's Antique Weapon Emporium.
 21754 | D:12     | Gained mutation: You are occasionally teleported next to
                  | monsters. [potion of mutation]
 21754 | D:12     | Gained mutation: Your muscles are strong. (Str +2) [potion
                  | of mutation]
 21755 | D:12     | Lost mutation: You are occasionally teleported next to
                  | monsters. [potion of mutation]
 21755 | D:12     | Lost mutation: Your muscles are strong. (Str +2) [potion of
                  | mutation]
 21755 | D:12     | Gained mutation: You have a somewhat thin skeletal
                  | structure. (Dex +2, Stealth+) [potion of mutation]
 21755 | D:12     | Gained mutation: You are dopey. (Int -2) [potion of
                  | mutation]
 21755 | D:12     | Gained mutation: Your natural rate of healing is unusually
                  | fast. [potion of mutation]
 22896 | D:13     | Found a gate to the Vaults.
 23717 | D:15     | Entered Level 15 of the Dungeon
 23771 | D:15     | Reached skill level 10 in Dodging
 23771 | D:15     | Reached skill level 10 in Evocations
 23825 | D:15     | Reached skill level 10 in Armour
 24185 | D:15     | Reached skill level 1 in Throwing
 24453 | D:15     | Found a staircase to the Depths.
 24766 | Snake:1  | Entered Level 1 of the Snake Pit
 24964 | Snake:1  | Reached XP level 16. HP: 130/154 MP: 21/21
 25365 | Snake:1  | Noticed Aizul
 25383 | Snake:1  | Identified the +8 trident of the Three Ghosts {vamp, rF+
                  | Will+ rCorr Str-3}
 25396 | Snake:1  | Killed Aizul
 25400 | Snake:1  | Reached skill level 10 in Shields
 25503 | Snake:1  | Found an iron altar of Okawaru.
 25503 | Snake:1  | Noticed Agnes
 25520 | Snake:1  | Killed Agnes
 25521 | Snake:1  | Reached skill level 1 in Polearms
 25549 | Snake:1  | Found Caschoz's Jewellery Emporium.
 25550 | Snake:1  | Found Astykuh's Book Boutique.
 25552 | Snake:1  | Found Rufroide's Jewellery Emporium.
 25561 | Snake:1  | Bought the ring "Cugepupn" {rF+ rN+ Will+} for 604 gold
                  | pieces
 25992 | Snake:1  | Upgraded the game from 0.28-a0-556-gab23d0e057 to
                  | 0.28-a0-563-gf77a47075d
 26043 | Snake:2  | Reached skill level 5 in Polearms
 26192 | Snake:2  | Identified the +0 leather armour of Spring Thaw {Will+
                  | SInv}
 26459 | Snake:2  | Identified the +0 kite shield of Muliox Erha {Int+5}
 26459 | Snake:2  | Noticed Donald
 26469 | Snake:2  | Killed Donald
 27446 | Snake:3  | Found Goum's Antique Weapon Boutique.
 28069 | Snake:3  | Found a stormy altar of Qazlal.
 28083 | Snake:3  | Reached skill level 1 in Long Blades
 28106 | Snake:3  | Reached skill level 2 in Long Blades
 28162 | Snake:3  | Identified the +9 flail of the Screaming Blowfly {vamp,
                  | rElec Dex+2}
 28212 | Snake:3  | Noticed Vashnia
 28242 | Snake:3  | Reached skill level 3 in Long Blades
 28255 | Snake:3  | Killed Vashnia
 28256 | Snake:3  | Reached skill level 4 in Long Blades
 28333 | Snake:3  | Reached XP level 17. HP: 129/162 MP: 22/22
 28354 | Snake:3  | Reached skill level 5 in Long Blades
 28426 | Snake:3  | Reached skill level 6 in Long Blades
 28767 | Snake:3  | Reached skill level 7 in Long Blades
 28848 | Snake:4  | Entered Level 4 of the Snake Pit
 29143 | Snake:4  | Reached skill level 8 in Long Blades
 29191 | Snake:4  | Reached skill level 9 in Long Blades
 29282 | Snake:4  | Noticed Nikola
 29300 | Snake:4  | Killed Nikola
 29469 | Snake:4  | Reached skill level 10 in Long Blades
 29568 | Snake:4  | Reached skill level 11 in Long Blades
 29569 | Snake:4  | Noticed Mlioglotl
 29599 | Snake:4  | Killed Mlioglotl
 29690 | Snake:4  | Got a serpentine rune of Zot
 29975 | Snake:4  | Reached skill level 12 in Long Blades
 30382 | Elf:1    | Entered Level 1 of the Elven Halls
 30575 | Shoals:1 | Entered Level 1 of the Shoals
 30704 | Shoals:1 | Reached XP level 18. HP: 170/170 MP: 23/23
 30892 | Shoals:2 | Reached skill level 13 in Long Blades
 31088 | Shoals:2 | Noticed Polyphemus
 31106 | Shoals:2 | Reached skill level 14 in Long Blades
 31119 | Shoals:2 | Killed Polyphemus
 31451 | Shoals:2 | Found Nalib's Specific Store.
 31457 | Shoals:2 | Found Heuwnuk's General Store.
 31461 | Shoals:2 | Bought a scroll of fog for 28 gold pieces
 31461 | Shoals:2 | Bought a potion of attraction for 42 gold pieces
 31461 | Shoals:2 | Bought a potion of heal wounds for 70 gold pieces
 31461 | Shoals:2 | Bought a scroll of vulnerability for 105 gold pieces
 31696 | Shoals:3 | Noticed Ilsuiw
 31835 | Shoals:3 | Killed Ilsuiw
 31905 | Shoals:3 | Noticed Roxanne
 31928 | Shoals:3 | Killed Roxanne
 32410 | Shoals:3 | Found Izxen's Distillery.
 32599 | Shoals:4 | Entered Level 4 of the Shoals
 32633 | Shoals:4 | Found Tasaf's Antique Weapon Boutique.
 32690 | Shoals:4 | Identified the +2 shortbow "Fihokhy" {speed, Fly Dex+3}
 32729 | Shoals:4 | Got the Incunabulum of Bewitchment and Ice
 32760 | Shoals:4 | Identified the +1 scale mail of Muttered Phrases {Rampage}
 32958 | Shoals:4 | Reached XP level 19. HP: 178/178 MP: 26/26
 32959 | Shoals:4 | Identified the amulet "Hyutitag" {Spirit Contam Harm Int+8
                  | Dex-2}
 33141 | Shoals:4 | Reached skill level 5 in Spellcasting
 33251 | Shoals:4 | Got a barnacled rune of Zot
 33466 | Shoals:3 | Bought a potion of lignification for 42 gold pieces
 33466 | Shoals:3 | Bought 2 potions of curing for 84 gold pieces
 33466 | Shoals:3 | Bought a potion of might for 56 gold pieces
 33466 | Shoals:3 | Bought 2 potions of brilliance for 112 gold pieces
 33466 | Shoals:3 | Bought a potion of heal wounds for 70 gold pieces
 33466 | Shoals:3 | Bought a potion of heal wounds for 70 gold pieces
 33466 | Shoals:3 | Bought a potion of heal wounds for 70 gold pieces
 33706 | Temple   | Entered the Ecumenical Temple
 33714 | Temple   | Fell from the grace of Ignis
 33714 | Temple   | Became a worshipper of Cheibriados the Contemplative
 33890 | Depths:1 | Entered Level 1 of the Depths
 33958 | Depths:1 | You fall into a shaft and drop 1 floor!
 34004 | Depths:2 | Found Digi's General Store.
 34018 | Depths:2 | Bought a scroll of fear for 66 gold pieces
 34018 | Depths:2 | Bought a scroll of fog for 38 gold pieces
 34038 | Depths:2 | Found a broken altar of Ashenzari.
 34130 | Depths:1 | Reached * piety under Cheibriados
 34473 | Depths:1 | Reached ** piety under Cheibriados
 34529 | Depths:1 | Found a basalt altar of Yredelemnul.
 34540 | Depths:1 | Noticed a profane servitor
 34558 | Depths:1 | Killed a profane servitor
 34734 | Depths:1 | You fall into a shaft and drop 1 floor!
 34738 | Depths:2 | Noticed a caustic shrike
 34742 | Depths:2 | Killed a caustic shrike
 34743 | Depths:2 | Reached skill level 5 in Throwing
 34804 | Depths:2 | Identified the +2 war axe of Aryrphual {venom, rElec rCorr
                  | Str+4 Dex+3}
 35096 | Depths:2 | You fall into a shaft and drop 1 floor!
 35139 | Depths:3 | Reached *** piety under Cheibriados
 35175 | Depths:3 | Killed from afar by a fire giant

Illustrated notes

Levels and vault maps discovered:
D:1:      lightli_arrival_boilingwater, layout_basic
D:2:      layout_basic, shapermc_ecumenical_altar_venn, uniq_natasha
D:3:      layout_loops_ring, kennysheep_generic_room_15
D:4:      layout_basic, gammafunk_ghost_grave, portal_sewer_entry_e,
          st_stairs_1, minmay_misc_feat_x, minmay_unequal
D:5:      layout_gridville, temple_statues, cheibrodos_gnoll_hut, uniq_pikel
D:6:      layout_cave_pools, uniq_menkaure, uniq_maggie
D:7:      layout_basic, lemuel_flamethrower_1, uniq_duvessa
D:8:      layout_cave_pools, mainiacjoe_overflow_24_doors,
          nicolae_ossuary_entry_false_entrances
D:9:      layout_big_octagon
D:10:     layout_roguey, dpeg_oklobed_lair, gammafunk_ghost_abyssal_escape,
          uniq_josephine, uniq_sonja
D:11:     layout_rooms, fedhas_altar_fruit_tree
D:12:     layout_loops_ring, orc_0_dummy, minmay_stone_trees_small,
          serial_bayou_pond_e, uniq_kirke
D:13:     layout_stronghold, david_vaults_1
D:14:     layout_roguey, minmay_misc_feat_room
D:15:     grunt_enter_depths_hoard, layout_rooms, nicolae_sextant
Temple:   dpeg_three_leaves_temple
Lair:1:   layout_cave_pods, serial_bayou_lagoon_a, uniq_gastronok
Lair:2:   layout_chaotic_city, portal_ice_cave_demonic_guard
Lair:3:   layout_roguey, shoals_dummy_entry, minmay_snake_entry_guardpost_small,
          gammafunk_ghost_hive, chequers_serial_rivers_micro_a
Lair:4:   layout_layer_cave, uniq_rupert
Lair:5:   layout_misc_corridors, slime_dummy, ebering_ghost_reflecting_pool,
          serial_forest, infiniplex_forest_clump_tiny,
          infiniplex_forest_straight_3, infiniplex_forest_corner_2,
          infiniplex_forest_end_1, infiniplex_forest_clump_large,
          infiniplex_forest_corner_2, infiniplex_forest_diagonal,
          evilmike_ambush [evilmike_ambush_outer_corners,
          evilmike_ambush_inner_wall_1], lemuel_fruit_fields
Lair:6:   hangedman_lair_caniforms_friends, layout_regular_city,
          guppyfry_lair_end_dragon, chequers_serial_rivers_room_a,
          chequers_serial_rivers_micro_d, columned_hall_lemuel
Shoals:1: layout_shoals
Shoals:2: layout_shoals, nicolae_specific_store,
          nicolae_shoals_siren_and_animal_friends, uniq_polyphemus
Shoals:3: layout_shoals, nicolae_take_the_stairs, uniq_roxanne, uniq_ilsuiw
Shoals:4: shoals_end_simple, layout_shoals, serial_shops, shop,
          nicolae_shoals_lost_giant_baths
Snake:1:  layout_onion_interference, basic_altar, nicolae_snake_linked_coils,
          minmay_shop_grove, uniq_aizul, uniq_agnes
Snake:2:  layout_layer_cave, uniq_donald
Snake:3:  layout_onion_interference, basic_altar, nicolae_stop_n_shop_1,
          uniq_vashnia
Snake:4:  grunt_snake_rune_pools, layout_basic, uniq_nikola, uniq_mlioglotl
Orc:1:    layout_caves, serial_shops, shop, uniq_nergalle, uniq_jorgrun,
          uniq_maurice
Orc:2:    grunt_orc_gardens, layout_caves, grunt_orc_garden, grunt_orc_garden,
          grunt_orc_garden, grunt_orc_garden, enter_volcano_1, uniq_azrael
Elf:1:    layout_geoelf_diagonals, serial_shops, shop, minivault_28,
          corexii_leaking_fountain, minmay_shoptagon
Depths:1: layout_long_grid, abyss_entry_glasseish, grunt_mini_vestibule,
          serial_sigils_hangedman_clutch, hangedman_blasphemy
Depths:2: minmay_inside_and_out, layout_long_grid, nicolae_ashenzari_skybound,
          pan_entry, serial_shops, nicolae_square_shop, abyss_entry, hell_entry
Depths:3: minmay_the_grid_ultimate [minmay_the_grid_prize_four_corners,
          minmay_the_grid_prize_inner_circle,
          minmay_the_grid_prize_shrinking_boxes, minmay_the_grid_prize_big_room,
          minmay_the_grid_square_5x5_n_small,
          minmay_the_grid_square_5x5_checkered_sparse,
          minmay_the_grid_square_5x5_trominoes,
          minmay_the_grid_square_5x5_shrine1, minmay_the_grid_square_5x5_spiral,
          minmay_the_grid_square_5x5_two_small,
          minmay_the_grid_square_5x5_inner_z, minmay_the_grid_square_5x5_v,
          minmay_the_grid_square_5x5_three,
          minmay_the_grid_square_5x5_two_walls_b,
          minmay_the_grid_square_5x5_intrusive_squares,
          minmay_the_grid_square_5x5_checkered, minmay_the_grid_square_5x5_c,
          minmay_the_grid_square_5x5_minivault, minmay_the_grid_square_5x5_bite,
          minmay_the_grid_triangle_9x9_checkered,
          minmay_the_grid_triangle_9x9_zippers_horizontal,
          minmay_the_grid_triangle_9x9_steps,
          minmay_the_grid_triangle_9x9_sprig,
          minmay_the_grid_triangle_9x9_zippers_vertical,
          minmay_the_grid_triangle_9x9_warning,
          minmay_the_grid_triangle_9x9_cache,
          minmay_the_grid_triangle_9x9_intruding_spiral,
          minmay_the_grid_triangle_9x9_impossible_snake,
          minmay_the_grid_triangle_9x9_dagger,
          minmay_the_grid_triangle_9x9_thin_v,
          minmay_the_grid_triangle_9x9_shrine,
          minmay_the_grid_triangle_9x9_alien,
          minmay_the_grid_triangle_9x9_corruption,
          minmay_the_grid_triangle_9x9_pentomino_pain,
          minmay_the_grid_triangle_9x9_semitri,
          minmay_the_grid_square_5x5_longway, minmay_the_grid_octo_pinwheel,
          minmay_the_grid_octo_checkered, minmay_the_grid_octo_teeth,
          minmay_the_grid_octo_odd_swirl, minmay_the_grid_octo_shrine,
          minmay_the_grid_octo_horde, minmay_the_grid_octo_toaster,
          minmay_the_grid_octo_concentric, minmay_the_grid_holed_spiral,
          minmay_the_grid_doors, minmay_the_grid_spikes,
          minmay_the_grid_odd_star], pan_entry, abyss_entry, hell_entry,
          uniq_enchantress

Skill      XL: |  1  2  3  4  5  6  7  8  9 10 11 12 13 14 15 16 17 18 19 |
---------------+----------------------------------------------------------+-----
Spellcasting   | 2 3 4 6 |  6.3
Fire Magic     | 4 5 |  5.1
Short Blades   | 3 6 9 10 | 10.0
Armour         | 3 5 6 8 9 10 11 | 11.2
Dodging        | 3 5 6 8 9 10 11 | 11.3
Fighting       | 5 7 8 10 11 12 13 | 13.7
Evocations     | 1 4 7 9 10 11 | 11.7
Shields        | 9 10 11 | 11.0
Throwing       | 2 3 5 |  5.0
Polearms       | 9 |  9.8
Long Blades    | 4 12 14 | 14.8
Maces & Flails | |  3.0

Action                   |  1- 3 |  4- 6 |  7- 9 | 10-12 | 13-15 | 16-18 | 19-21 || total
-------------------------+-------+-------+-------+-------+-------+-------+-------++-------
Melee: Mace              |    14 |    20 |       |       |       |       |       ||    34
       Dagger            |       |    41 |    56 |   619 |  2182 |   931 |       ||  3829
       Constrict         |       |       |       |       |   255 |   290 |    60 ||   605
       Double sword      |       |       |       |       |       |   700 |   481 ||  1181
Throw: Dart              |       |       |     1 |     1 |     5 |     1 |       ||     8
 Cast: Scorch            |     7 |    46 |   126 |   178 |    27 |       |       ||   384
Invok: Foxfire Swarm     |       |       |     3 |     3 |       |     2 |     1 ||     9
       Sea of Fire       |       |       |       |     1 |       |     3 |       ||     4
 Abil: Spit Poison       |    19 |    31 |    42 |    51 |    29 |     8 |       ||   180
       Evoke Invisibilit |       |       |       |       |     2 |       |       ||     2
Evoke: Wand              |       |       |       |     7 |    21 |    29 |     2 ||    59
       Condenser vane    |       |       |       |     2 |       |     4 |     1 ||     7
  Use: Scroll            |       |     6 |     8 |    10 |    13 |    12 |     1 ||    50
       Potion            |       |       |     1 |     9 |     3 |     5 |     1 ||    19
 Stab: Confused          |       |       |       |     2 |     1 |       |       ||     3
       Invisible         |       |       |       |       |     3 |       |       ||     3
       Paralysed         |       |       |       |       |    10 |     5 |     2 ||    17
       Petrifying        |       |       |       |       |     1 |       |       ||     1
       Distracted        |       |       |       |       |       |     1 |       ||     1
Armor: Robe              |     2 |    33 |    48 |       |       |       |       ||    83
       Swamp dragon scal |       |       |    16 |   330 |   252 |       |       ||   598
       Chain mail        |       |       |       |       |   605 |   635 |   209 ||  1449
Dodge: Dodged            |    11 |    40 |    69 |   274 |   458 |   303 |   124 ||  1279
Block: Kite shield       |       |       |       |       |   946 |  1354 |   361 ||  2661
       Reflection        |       |       |       |       |    39 |   138 |     7 ||   184

Table legend: (Time is in decaauts)
 A = Elapsed time spent in this place.
 B = Non-inter-level travel time spent in this place.
 C = Inter-level travel time spent in this place.
 D = Time resting spent in this place.
 E = Time spent auto-exploring this place.
 F = Levels seen in this place.
 G = Mean time per level.
                   A        B        C        D        E       F      G
               +--------+--------+--------+--------+--------+-----+--------+
         Total |  43268 |  38913 |   4355 |   5744 |  21823 |  39 | 1109.4 |
       Dungeon |  17939 |  15812 |   2127 |   2244 |   9987 |  15 | 1195.9 |
        Temple |     15 |     14 |      1 |      0 |      0 |   1 |   15.0 |
          Lair |  10303 |   9329 |    974 |   2681 |   4363 |   6 | 1717.2 |
        Shoals |   3978 |   3703 |    275 |    142 |   2087 |   4 |  994.5 |
     Snake Pit |   5928 |   5213 |    715 |    479 |   2906 |   4 | 1482.0 |
  Orcish Mines |   2035 |   1798 |    237 |      0 |   1067 |   2 | 1017.5 |
   Elven Halls |      1 |      0 |      1 |      0 |      0 |   1 |    1.0 |
        Depths |   1942 |   1921 |     21 |     60 |   1132 |   3 |  647.3 |
         Sewer |    314 |    314 |      0 |     71 |    146 |   1 |  314.0 |
       Ossuary |    417 |    417 |      0 |     65 |    121 |   1 |  417.0 |
       Volcano |    390 |    390 |      0 |      0 |     11 |   1 |  390.0 |
               +--------+--------+--------+--------+--------+-----+--------+

Top non-repeatable levels by time:
  Lair:6: 2774 daAuts
 Snake:2: 2236 daAuts
     D:5: 2169 daAuts
  Lair:2: 1935 daAuts
  Lair:1: 1920 daAuts
    D:13: 1603 daAuts
     D:4: 1596 daAuts
    D:10: 1528 daAuts
 Snake:4: 1471 daAuts
  Lair:3: 1438 daAuts
   Orc:2: 1382 daAuts
    D:12: 1353 daAuts
  Lair:5: 1273 daAuts
     D:7: 1262 daAuts
Shoals:4: 1230 daAuts
